 Seeded DCSS version 0.27-a0-906-g0a00ce863d (webtiles) character file.

Game seed: 20210404 (custom seed)

50 muata the Insei (level 3, 0/27 HPs)
             Began as a Djinni Transmuter on Apr 4, 2021.
             Slain by an orc wizard
             ... wielding a +0 dagger
              (2 damage)
             ... on level 2 of the Dungeon on Apr 7, 2021.
             The game lasted 00:07:29 (2081 turns).

muata the Insei (Djinni Transmuter)                 Turns: 2081, Time: 00:07:30

Health: 0/27       AC:  2    Str:  9    XL:     3   Next: 79%
Gold:   40         EV: 12    Int: 15    God:
                   SH:  0    Dex: 13

rFire    + + .     SeeInvis .   d - +2 dagger (holy)
rCold    x . .     Faith    .   (no shield)
rNeg     . . .     Spirit   .   a - +0 robe
rPois    ∞         Reflect  .   (helmet currently unavailable)
rElec    .         Harm     .   (no cloak)
rCorr    .         Rampage  .   (no gloves)
Will     .....                  (boots unavailable)
Stlth    +.........             (no amulet)
HPRegen  0.09/turn              (no ring)
MPRegen  0.00/turn              (no ring)

@: appendages (expiring), wereblooded, flying
A: horns 2, flying, fire resistance 2, cold vulnerability 1, float, innate
caster, hp casting, extra vitality 1
a: End Transformation


You were on level 2 of the Dungeon.
You had temporarily grown beastly horns.
You visited 1 branch of the dungeon, and saw 2 of its levels.

You collected 40 gold pieces.

Inventory:

Hand Weapons
 d - a +2 dagger of holy wrath (weapon)
Armour
 a - a +0 robe (worn)
Scrolls
 b - a scroll of enchant armour {unknown}
 e - a scroll of fog {unknown}
 f - a scroll of teleportation {unknown}
 h - a scroll of torment {unknown}
Potions
 c - a potion of curing {unknown}
 g - a potion of brilliance {unknown}


   Skills:
 - Level 1.0 Fighting
 + Level 1.2 Short Blades
 - Level 2.1 Dodging
 + Level 0.4 Stealth
 - Level 3.0 Unarmed Combat
 + Level 3.0 Spellcasting


You couldn't memorise any spells.
You knew the following spells:

 Your Spells              Type           Power      Damage    Failure   Level
a - Beastly Appendage     Tmut           22%        N/A       6%          1
b - Wereblood             Tmut           11%        N/A       9%          2
c - Spider Form           Tmut/Pois      5%         N/A       17%         3
d - Ice Form              Ice/Tmut       11%        N/A       50%         4
e - Hydra Form            Tmut           5%         N/A       85%         5
f - Corona                Hex            12%        N/A       6%          1
Your spell library was empty.

Dungeon Overview and Level Annotations

Branches:
Dungeon (2/15)

Altars:


Innate Abilities, Weirdness & Mutations

You have temporarily grown beastly horns.
You are flying.
You are immune to poison.
Your flesh is very heat resistant. (rF++)
You are vulnerable to cold. (rC-)
You float through the air rather than walking.
You learn spells naturally, not from books.
Your magical power is your life essence.
You have superior vitality. (+4 HP)


Message History

You hit the adder.
The adder is moderately wounded.
The adder misses you.
You hit the adder but do no damage.
The adder is lightly wounded.
The adder closely misses you.
Casting: Beastly Appendage (safe; 6% risk of failure)
Confirm with . or Enter, or press ? or * to list all spells.
Your blood is infused with primal strength.
Your transformation is almost over.
The adder bites you.
* * * LOW HITPOINT WARNING * * *
The adder misses you.
You hit the adder.
The adder is heavily wounded.
The adder barely misses you.
You hit the adder.
The adder is heavily wounded.
The adder bites you.
* * * LOW HITPOINT WARNING * * *
You hit the adder.
The adder is almost dead.
The adder completely misses you.
You hit the adder.
You kill the adder!
An orc wizard appears from thin air!
Reactivating autopickup.
Your Spellcasting skill increases to level 3!
You hit the orc wizard. Your headbutt misses the orc wizard.
The orc wizard is lightly wounded.
You howl as the wereblood boils in your veins!
The orc wizard hits you but does no damage.
You hit the orc wizard but do no damage.
You headbutt the orc wizard.
The orc wizard is moderately wounded.
The orc wizard hits you but does no damage.
You miss the orc wizard. Your headbutt misses the orc wizard.
The orc wizard is moderately wounded.
The orc wizard hits you with a +0 dagger.
You die...

≈≈§.. ≈§§.. ≈§...≈
.##+### ###≈{.[§≈
.......###.§§§..§≈
.........).'S....≈
........####≈....≈
.######o# ....≈
#@# S... ######.#
... #......# .[ #
#.###### . # ##.#
# #..##### #
#......## #
#..#.#..# #
##......#


You could see an orc wizard.

Vanquished Creatures
  An adder (D:2)
  2 dart slugs (D:1)
  2 orcs (D:2)
  3 endoplasms (D:1)
  A giant cockroach (D:1)
  3 goblins (D:1)
  A hobgoblin (D:2)
  3 jackals (D:1)
  3 quokkas
  A ball python (D:1)
  6 bats
  2 frilled lizards (D:1)
  3 kobolds (D:1)
  4 rats (D:1)
35 creatures vanquished.

Notes
Turn   | Place    | Note
-------+----------+-------------------------------------------
     0 | D:1      | muata the Djinni Transmuter began the quest for the Orb.
     0 | D:1      | Reached XP level 1. HP: 17/17 MP: 0/0
   447 | D:1      | Reached XP level 2. HP: 22/22 MP: 0/0
  1152 | D:1      | Reached XP level 3. HP: 20/27 MP: 0/0
  1152 | D:1      | Learned a level 1 spell: Corona
  1433 | D:1      | Upgraded the game from 0.27-a0-887-gcab673c142 to
                  | 0.27-a0-906-g0a00ce863d
  2067 | D:2      | Reached skill level 1 in Short Blades
  2081 | D:2      | Slain by an orc wizard

Illustrated notes

Levels and vault maps discovered:
D:1:      dpeg_arrival_erosion, layout_loops_corners
D:2:      layout_basic, serial_glass, glass_columns_b, glass_columns_a,
          item_on_display_a, item_on_display_a, due_unseen_surprise,
          item_on_display_a, ebering_ecumenical_altar_box,
          kennysheep_big_empty_room, uniq_sigmund, uniq_crazy_yiuf_cottage

Skill      XL: |  1  2  3 |
---------------+----------+-----
Spellcasting   | 2 3 |  3.0
Short Blades   | 1 |  1.2
Fighting       | |  1.0
Dodging        | |  2.1
Stealth        | |  0.4
Unarmed Combat | |  3.0

Action                   || total
-------------------------++-------
Melee: Unarmed           ||    15
       Dagger            ||   123
       Headbutt          ||    13
 Cast: Beastly Appendage ||    11
       Wereblood         ||     1
Armor: Robe              ||    29
Dodge: Dodged            ||    99

Table legend: (Time is in decaauts)
 A = Elapsed time spent in this place.
 B = Non-inter-level travel time spent in this place.
 C = Inter-level travel time spent in this place.
 D = Time resting spent in this place.
 E = Time spent auto-exploring this place.
 F = Levels seen in this place.
 G = Mean time per level.
                   A        B        C        D        E       F      G
               +--------+--------+--------+--------+--------+-----+--------+
         Total |   2076 |   1996 |     80 |    477 |   1212 |   2 | 1038.0 |
       Dungeon |   2076 |   1996 |     80 |    477 |   1212 |   2 | 1038.0 |
               +--------+--------+--------+--------+--------+-----+--------+

Top non-repeatable levels by time:
     D:1: 1840 daAuts
     D:2: 235 daAuts
